Sabres vs Islanders
Created - November 7, 2023 at 21:47
Goals
|
| Sabres |
0 |
1 |
0 |
0 |
2 |
2 |
| Islanders |
0 |
0 |
1 |
0 |
1 |
1 |
|
Shots
|
| Sabres |
7 |
5 |
5 |
1 |
3 |
18 |
| Islanders |
6 |
7 |
9 |
0 |
3 |
22 |
|
1st period
No Goal
Penalties :
Robby Fabbri (Buf) for Delaying the game (Minor) at 4:15
2nd period
1. Sabres , Ben Hutton 2 (Teuvo Teravainen 6, Kyle Okposo 4) at 17:55
Penalties :
Ryan Ellis (NyI) for Delaying the game (Minor) at 0:22, Nate Schmidt (Buf) for Holding (Minor) at 19:33
3rd period
2. Islanders , Chris Tierney 3 (Anze Kopitar 3, Vladimir Tarasenko 10) at 7:49 (PP)
Penalties :
Ben Hutton (Buf) for High sticking (Minor) at 6:26
Overtime #1
No Goal
Penalties :
No Penalty
Shootout
Sabres, Sidney Crosby - Goal!
Islanders, Vladimir Tarasenko - Goal!
Sabres, Tyler Johnson - Shot Misses the Net
Islanders, Anze Kopitar - Shot Misses the Net
Sabres, Teuvo Teravainen - Goal!
Islanders, Jason Spezza - Stopped by John Gibson
Penalties :
No Penalty
Goalie Stats
John Gibson (Buf), 21 saves from 22 shots - (0.955), W, 6-4-0, 65:00 minutes
Joonas Korpisalo (NyI), 17 saves from 18 shots - (0.944), OTL, 1-1-1, 65:00 minutes
Players Stats for Sabres
Player Name G A P +/- PIM S H SB GA TA FO MP PP MP PK MP
------------------------------------------------------------------------------------
Ben Hutton 1 0 1 1 2 1 0 1 0 0 0/0 14:57 0:00 0:11
Brian Ferlin 0 0 0 0 0 0 2 0 0 0 0/0 8:48 0:00 0:00
Evgeni Malkin 0 0 0 0 0 2 0 1 0 0 2/8 18:51 0:55 1:27
Hampus Lindholm 0 0 0 0 0 2 1 1 1 0 0/0 28:26 1:11 3:33
Jonas Brodin 0 0 0 1 0 0 0 2 1 0 0/0 15:44 0:00 1:13
Kyle Okposo 0 1 1 0 0 1 2 0 2 0 0/0 15:45 0:00 0:43
Logan Couture 0 0 0 0 0 0 3 1 1 0 4/7 15:39 0:00 0:00
Michael Matheson 0 0 0 0 0 2 1 3 1 0 0/0 19:40 0:48 1:48
Nate Schmidt 0 0 0 0 2 0 2 1 0 1 0/0 25:59 1:11 2:09
Nikita Zaitsev 0 0 0 0 0 0 2 2 0 3 0/0 20:35 0:48 1:48
Robby Fabbri 0 0 0 0 2 1 1 0 0 1 0/0 15:37 0:55 0:00
Ryan Kesler 0 0 0 0 0 0 0 0 0 0 0/0 5:17 0:00 0:00
Sam Gagner 0 0 0 0 0 4 2 0 0 0 0/0 16:33 0:55 0:00
Sidney Crosby 0 0 0 1 0 1 4 0 0 1 12/29 24:48 1:04 3:21
Teemu Pulkkinen 0 0 0 0 0 2 1 0 0 0 0/1 14:21 0:00 0:13
Teuvo Teravainen 0 1 1 1 0 1 2 0 0 1 1/2 19:14 1:04 1:27
Tyler Johnson 0 0 0 1 0 1 4 2 0 2 0/0 21:54 1:04 3:31
William Karlsson 0 0 0 0 0 0 3 1 0 2 0/1 7:28 0:00 0:00
Players Stats for Islanders
Player Name G A P +/- PIM S H SB GA TA FO MP PP MP PK MP
------------------------------------------------------------------------------------
Andrew Shaw 0 0 0 -1 0 1 2 1 1 0 0/0 9:48 0:01 0:00
Anze Kopitar 0 1 1 0 0 1 1 2 1 0 11/21 22:48 3:03 1:04
Brayden McNabb 0 0 0 -1 0 0 0 0 1 0 0/0 21:45 1:21 1:12
Brock McGinn 0 0 0 0 0 2 1 0 0 0 0/0 15:18 0:01 0:39
Chris Tierney 1 0 1 0 0 2 2 0 1 0 1/1 22:32 3:03 1:04
Dylan McIlrath 0 0 0 0 0 0 0 0 1 0 0/0 14:51 0:00 0:47
Emerson Etem 0 0 0 -1 0 1 1 0 0 1 0/0 10:41 0:01 0:00
Jason Akeson 0 0 0 0 0 3 0 0 0 0 0/0 12:44 0:00 0:00
Jason Spezza 0 0 0 0 0 1 1 0 0 1 0/0 17:11 2:17 0:00
Kellan Lain 0 0 0 0 0 1 0 0 1 0 1/1 17:23 2:17 0:37
Melker Karlsson 0 0 0 0 0 2 1 0 1 0 3/5 13:27 0:00 0:18
Michael Latta 0 0 0 0 0 1 1 0 0 0 10/14 15:43 2:17 0:16
Nikita Zadorov 0 0 0 -1 0 0 0 2 1 0 0/0 21:46 1:21 0:47
Ryan Ellis 0 0 0 0 2 1 0 2 1 2 0/0 27:28 4:00 0:00
Ryan Hartman 0 0 0 -1 0 0 0 0 0 0 2/3 8:47 0:00 0:00
Thomas Chabot 0 0 0 0 0 2 0 0 1 1 0/0 13:37 0:00 0:00
Vladimir Tarasenko 0 1 1 0 0 4 1 2 1 0 1/3 20:56 3:03 0:00
Yann Sauvé 0 0 0 0 0 0 2 2 0 1 0/0 26:15 4:00 1:12
3 Stars
1 - John Gibson (Buf)
2 - Chris Tierney (NyI)
3 - Teuvo Teravainen (Buf)
Power Play
Sabres - 0 on 1 Attempt(s) - 0.00%
Islanders - 1 on 3 Attempt(s) - 33.33%
Penalty Kill
Sabres - 2 on 3 Attempt(s) - 66.67%
- Score 0 goal in Penalty Kill
Islanders - 1 on 1 Attempt(s) - 100.00%
- Score 0 goal in Penalty Kill
Team Stat
Sabres - Hits : 30 - Faceoff Wins : 19 - Blocked Shots : 15 - Penalty Minutes : 6
Islanders - Hits : 13 - Faceoff Wins : 29 - Blocked Shots : 11 - Penalty Minutes : 2
Official
Referees : Peter MacDougall and Chris Lee
Linesman : Scott Cherrey and Andrew Smith
Game Notes
No Game Note
Finance
Level 1 -- Attendance: 6000 (100.00%) -- Ticket Income $600,000
Level 2 -- Attendance: 4903 (98.06%) -- Ticket Income $294,180
Level 3 -- Attendance: 1982 (99.10%) -- Ticket Income $69,370
Level 4 -- Attendance: 3816 (95.40%) -- Ticket Income $95,400
Luxury Box -- Attendance: 1000 (100.00%) -- Ticket Income $200,000
Game was played at the Nassau Coliseum.
Total Attendance: 17701 (98.34%)
Total Ticket Income: $1,258,950
Other Income: $188,842
Total Income: $1,447,792
Sabres
5 vs 5 Forward
Center Left Wing Right Wing Time % Phy DF OF
1 Sidney Crosby Teuvo Teravainen Tyler Johnson 40 1 2 2
2 Evgeni Malkin Robby Fabbri Sam Gagner 30 1 2 2
3 Logan Couture Teemu Pulkkinen Kyle Okposo 20 1 2 2
4 William Karlsson Sidney Crosby Brian Ferlin 10 1 2 2
5 vs 5 Defense
Defense Defense Time % Phy DF OF
1 Hampus Lindholm Nate Schmidt 40 1 2 2
2 Nikita Zaitsev Michael Matheson 30 1 2 2
3 Ben Hutton Jonas Brodin 20 1 2 2
4 Hampus Lindholm Nate Schmidt 10 1 2 2
PowerPlay Forward
Center Left Wing Right Wing Time % Phy DF OF
1 Sidney Crosby Teuvo Teravainen Tyler Johnson 60 1 2 2
2 Evgeni Malkin Robby Fabbri Sam Gagner 40 1 2 2
PowerPlay Defense
Defense Defense Time % Phy DF OF
1 Hampus Lindholm Nate Schmidt 60 1 2 2
2 Nikita Zaitsev Michael Matheson 40 1 2 2
Penalty Kill 4 Players Forward
Center Wing Time % Phy DF OF
1 Sidney Crosby Tyler Johnson 60 1 2 2
2 Teuvo Teravainen Evgeni Malkin 40 1 2 2
Penalty Kill 4 Players Defense
Defense Defense Time % Phy DF OF
1 Hampus Lindholm Nate Schmidt 60 1 2 2
2 Nikita Zaitsev Michael Matheson 40 1 2 2
Penalty Kill - 3 Players Forward
Forward Time % Phy DF OF
1 Sidney Crosby 60 1 2 2
2 Tyler Johnson 40 1 2 2
Penalty Kill - 3 Players Defense
Defense Defense Time % Phy DF OF
1 Hampus Lindholm Nate Schmidt 60 1 2 2
2 Nikita Zaitsev Michael Matheson 40 1 2 2
4 vs 4 Forward
Center Wing Time % Phy DF OF
1 Sidney Crosby Tyler Johnson 60 1 2 2
2 Teuvo Teravainen Evgeni Malkin 40 1 2 2
4 vs 4 Defense
Defense Defense Time % Phy DF OF
1 Hampus Lindholm Nate Schmidt 60 1 2 2
2 Nikita Zaitsev Michael Matheson 40 1 2 2
Last Minutes Offensive
Center Left Wing Right Wing Defense Defense
Sidney Crosby Teuvo Teravainen Tyler Johnson Hampus Lindholm Nate Schmidt
Last Minutes Defensive
Center Left Wing Right Wing Defense Defense
Sidney Crosby Teuvo Teravainen Tyler Johnson Hampus Lindholm Nate Schmidt
Goaltenders
Starting : John Gibson
Backup : Cam Talbot
Extra Forwards
Normal : Ryan Kesler, Logan Couture, Kyle Okposo - PP : Ryan Kesler, Logan Couture - PK : Kyle Okposo
Extra Defensemen
Normal : Ben Hutton, Jonas Brodin, Nikita Zaitsev - PP : Ben Hutton - PK : Jonas Brodin, Nikita Zaitsev
Penalty Shots
Sidney Crosby, Tyler Johnson, Teuvo Teravainen, Evgeni Malkin, Logan Couture
Custom OT Lines Forwards
Sidney Crosby, Tyler Johnson, Teuvo Teravainen, Evgeni Malkin, Logan Couture, Sam Gagner, Kyle Okposo, Brian Ferlin, William Karlsson, Ryan Kesler
Custom OT Lines Defensemen
Hampus Lindholm, Nate Schmidt, Nikita Zaitsev, Michael Matheson, Ben Hutton
Scratches
Adrian Kempe (Left Foot Injury), Colton Parayko (Lacerated Left Calf Injury)
Islanders
5 vs 5 Forward
Center Left Wing Right Wing Time % Phy DF OF
1 Anze Kopitar Chris Tierney Vladimir Tarasenko 40 1 2 2
2 Michael Latta Kellan Lain Jason Spezza 30 1 2 2
3 Melker Karlsson Brock McGinn Jason Akeson 20 1 2 2
4 Ryan Hartman Emerson Etem Andrew Shaw 10 1 2 2
5 vs 5 Defense
Defense Defense Time % Phy DF OF
1 Ryan Ellis Yann Sauvé 40 1 2 2
2 Nikita Zadorov Brayden McNabb 30 1 2 2
3 Dylan McIlrath Thomas Chabot 20 1 2 2
4 Ryan Ellis Yann Sauvé 10 1 2 2
PowerPlay Forward
Center Left Wing Right Wing Time % Phy DF OF
1 Anze Kopitar Chris Tierney Vladimir Tarasenko 60 1 2 2
2 Michael Latta Kellan Lain Jason Spezza 40 1 2 2
PowerPlay Defense
Defense Defense Time % Phy DF OF
1 Ryan Ellis Yann Sauvé 60 1 2 2
2 Nikita Zadorov Brayden McNabb 40 1 2 2
Penalty Kill 4 Players Forward
Center Wing Time % Phy DF OF
1 Anze Kopitar Chris Tierney 60 1 2 2
2 Michael Latta Kellan Lain 40 1 2 2
Penalty Kill 4 Players Defense
Defense Defense Time % Phy DF OF
1 Ryan Ellis Yann Sauvé 60 1 2 2
2 Nikita Zadorov Brayden McNabb 40 1 2 2
Penalty Kill - 3 Players Forward
Forward Time % Phy DF OF
1 Anze Kopitar 60 1 2 2
2 Michael Latta 40 1 2 2
Penalty Kill - 3 Players Defense
Defense Defense Time % Phy DF OF
1 Ryan Ellis Yann Sauvé 60 1 2 2
2 Nikita Zadorov Brayden McNabb 40 1 2 2
4 vs 4 Forward
Center Wing Time % Phy DF OF
1 Anze Kopitar Chris Tierney 60 1 2 2
2 Michael Latta Kellan Lain 40 1 2 2
4 vs 4 Defense
Defense Defense Time % Phy DF OF
1 Ryan Ellis Yann Sauvé 60 1 2 2
2 Nikita Zadorov Brayden McNabb 40 1 2 2
Last Minutes Offensive
Center Left Wing Right Wing Defense Defense
Anze Kopitar Chris Tierney Vladimir Tarasenko Ryan Ellis Yann Sauvé
Last Minutes Defensive
Center Left Wing Right Wing Defense Defense
Anze Kopitar Chris Tierney Vladimir Tarasenko Ryan Ellis Yann Sauvé
Goaltenders
Starting : Joonas Korpisalo
Backup : Cam Ward
Extra Forwards
Normal : Kellan Lain, Brock McGinn, Emerson Etem - PP : Kellan Lain, Brock McGinn - PK : Kellan Lain
Extra Defensemen
Normal : Brayden McNabb, Dylan McIlrath, Thomas Chabot - PP : Brayden McNabb - PK : Brayden McNabb, Dylan McIlrath
Penalty Shots
Vladimir Tarasenko, Anze Kopitar, Jason Spezza, Chris Tierney, Kellan Lain
Custom OT Lines Forwards
Vladimir Tarasenko, Anze Kopitar, Jason Spezza, Chris Tierney, Kellan Lain, Brock McGinn, Emerson Etem, Michael Latta, Jason Akeson, Melker Karlsson
Custom OT Lines Defensemen
Ryan Ellis, Yann Sauvé, Nikita Zadorov, Brayden McNabb, Dylan McIlrath
Scratches
James Livingstone (Healthy), Sergei Plotnikov (Healthy)
% Time on Ice - Sabres
Lines # - Real PCT - Wanted PCT - Time Play
Normal Forward
1 - 30% - 40% - 15:42
2 - 30% - 30% - 15:43
3 - 26% - 20% - 13:47
4 - 14% - 10% - 7:28
Normal Defense
1 - 38% - 40% - 20:10
2 - 32% - 30% - 17:04
3 - 26% - 20% - 13:32
4 - 4% - 10% - 1:54
PP Forward
1 - 54% - 60% - 1:04
2 - 46% - 40% - 0:55
PP Defense
1 - 60% - 60% - 1:11
2 - 40% - 40% - 0:48
PK Forward
1 - 73% - 60% - 3:54
2 - 27% - 40% - 1:27
PK Defense
1 - 66% - 60% - 3:33
2 - 34% - 40% - 1:48
PK3 Forward
1 - 0% - 60%
2 - 0% - 40%
PK3 Defense
1 - 0% - 60%
2 - 0% - 40%
44 Forward
1 - 0% - 60%
2 - 0% - 40%
44 Defense
1 - 0% - 60%
2 - 0% - 40%
Last Minute Offensive - 0:00
Last Minute Defensive - 0:00
Total
Forward - 60:00
Defense - 60:00
|
% Time on Ice - Islanders
Lines # - Real PCT - Wanted PCT - Time Play
Normal Forward
1 - 33% - 40% - 17:17
2 - 27% - 30% - 14:22
3 - 23% - 20% - 12:14
4 - 17% - 10% - 8:47
Normal Defense
1 - 34% - 40% - 17:57
2 - 38% - 30% - 19:52
3 - 23% - 20% - 12:18
4 - 5% - 10% - 2:33
PP Forward
1 - 57% - 60% - 3:04
2 - 43% - 40% - 2:17
PP Defense
1 - 75% - 60% - 4:00
2 - 25% - 40% - 1:21
PK Forward
1 - 87% - 60% - 1:43
2 - 13% - 40% - 0:16
PK Defense
1 - 100% - 60% - 1:59
2 - 0% - 40% - 0:00
PK3 Forward
1 - 0% - 60%
2 - 0% - 40%
PK3 Defense
1 - 0% - 60%
2 - 0% - 40%
44 Forward
1 - 0% - 60%
2 - 0% - 40%
44 Defense
1 - 0% - 60%
2 - 0% - 40%
Last Minute Offensive - 0:00
Last Minute Defensive - 0:00
Total
Forward - 60:00
Defense - 60:00
|
Play-by-Play
1st period
0:01 of 1st period - Anze Kopitar wins face-off versus Sidney Crosby in neutral zone.
0:10 of 1st period - Wrist shot by Anze Kopitar.
0:10 of 1st period - Shot Misses the Net.
0:33 of 1st period - Hampus Lindholm is hit by Jason Spezza and loses puck.
1:19 of 1st period - Snap shot by Vladimir Tarasenko.
1:19 of 1st period - Shot Blocked by William Karlsson.
1:33 of 1st period - Jason Akeson is hit by Robby Fabbri and loses puck.
1:40 of 1st period - Slapshot by Thomas Chabot.
1:40 of 1st period - Stopped by John Gibson with a rebound.
1:42 of 1st period - Slapshot by Dylan McIlrath.
1:42 of 1st period - Shot Blocked by Ben Hutton.
2:16 of 1st period - Snap shot by Kyle Okposo.
2:16 of 1st period - Shot Misses the Net.
2:32 of 1st period - Snap shot by Sidney Crosby.
2:32 of 1st period - Shot Misses the Net.
2:40 of 1st period - Wrist shot by Emerson Etem.
2:40 of 1st period - Shot Blocked by Jonas Brodin.
2:42 of 1st period - Snap shot by Emerson Etem.
2:42 of 1st period - Deflect By Ben Hutton.
2:42 of 1st period - Stopped by John Gibson with a rebound.
2:52 of 1st period - Yann Sauvé is hit by William Karlsson and loses puck.
3:05 of 1st period - Wrist shot by Kyle Okposo.
3:05 of 1st period - Stopped by Joonas Korpisalo without a rebound.
3:06 of 1st period - Michael Latta wins face-off versus Teemu Pulkkinen in Islanders zone.
3:06 of 1st period - Michael Latta is hit by Teemu Pulkkinen.
3:19 of 1st period - Off-side.
3:20 of 1st period - Sidney Crosby wins face-off versus Anze Kopitar in neutral zone.
3:27 of 1st period - Snap shot by Teuvo Teravainen.
3:27 of 1st period - Shot Misses the Net.
3:29 of 1st period - Slapshot by Hampus Lindholm.
3:29 of 1st period - Shot Misses the Net.
3:31 of 1st period - Slapshot by Hampus Lindholm.
3:31 of 1st period - Shot Blocked by Nikita Zadorov.
4:15 of 1st period - Minor Penalty to Robby Fabbri for Delaying the game.
4:16 of 1st period - Sidney Crosby wins face-off versus Michael Latta in Sabres zone.
4:43 of 1st period - Michael Matheson is hit by Vladimir Tarasenko and loses puck.
5:57 of 1st period - Sidney Crosby is hit by Yann Sauvé and loses puck.
6:15 of 1st period - Penalty to Robby Fabbri is over, Robby Fabbri is back on ice.
7:56 of 1st period - Wrist shot by Sam Gagner.
7:56 of 1st period - Stopped by Joonas Korpisalo with a rebound.
8:35 of 1st period - Emerson Etem is hit by Nikita Zaitsev and loses puck.
9:14 of 1st period - Hampus Lindholm is hit by Emerson Etem and loses puck.
10:40 of 1st period - Snap shot by Jason Akeson.
10:40 of 1st period - Deflect By Melker Karlsson.
10:40 of 1st period - Stopped by John Gibson without a rebound.
10:41 of 1st period - Melker Karlsson wins face-off versus William Karlsson in Sabres zone.
10:50 of 1st period - Jason Akeson is hit by William Karlsson and loses puck.
11:43 of 1st period - Snap shot by Brian Ferlin.
11:43 of 1st period - Shot Misses the Net.
12:13 of 1st period - Dylan McIlrath is hit by Nate Schmidt and loses puck.
12:28 of 1st period - Wrist shot by Thomas Chabot.
12:28 of 1st period - Stopped by John Gibson with a rebound.
12:30 of 1st period - Snap shot by Brock McGinn.
12:30 of 1st period - Stopped by John Gibson without a rebound.
12:31 of 1st period - Sidney Crosby wins face-off versus Anze Kopitar in Sabres zone.
14:03 of 1st period - Snap shot by Sam Gagner.
14:03 of 1st period - Stopped by Joonas Korpisalo with a rebound.
14:13 of 1st period - Snap shot by Emerson Etem.
14:13 of 1st period - Shot Blocked by Nikita Zaitsev.
14:15 of 1st period - Wrist shot by Andrew Shaw.
14:15 of 1st period - Shot Misses the Net.
14:50 of 1st period - Evgeni Malkin is hit by Andrew Shaw and loses puck.
16:02 of 1st period - Slapshot by Sam Gagner.
16:02 of 1st period - Stopped by Joonas Korpisalo with a rebound.
16:12 of 1st period - Kyle Okposo is hit by Melker Karlsson and loses puck.
17:46 of 1st period - Icing by Evgeni Malkin.
17:47 of 1st period - Michael Latta wins face-off versus Evgeni Malkin in Sabres zone.
18:01 of 1st period - Off-side.
18:02 of 1st period - Logan Couture wins face-off versus Anze Kopitar in neutral zone.
18:29 of 1st period - Ryan Ellis is hit by Tyler Johnson and loses puck.
18:34 of 1st period - Snap shot by Tyler Johnson.
18:34 of 1st period - Stopped by Joonas Korpisalo without a rebound.
18:35 of 1st period - Michael Latta wins face-off versus Sidney Crosby in Islanders zone.
18:35 of 1st period - Michael Latta is hit by Sidney Crosby.
18:43 of 1st period - Snap shot by Kellan Lain.
18:43 of 1st period - Stopped by John Gibson without a rebound.
18:44 of 1st period - Sidney Crosby wins face-off versus Michael Latta in Sabres zone.
18:53 of 1st period - Snap shot by Hampus Lindholm.
18:53 of 1st period - Stopped by Joonas Korpisalo without a rebound.
18:54 of 1st period - Anze Kopitar wins face-off versus Sidney Crosby in Islanders zone.
19:03 of 1st period - Wrist shot by Sidney Crosby.
19:03 of 1st period - Shot Blocked by Yann Sauvé.
19:05 of 1st period - Slapshot by Hampus Lindholm.
19:05 of 1st period - Shot Hit the Post.
19:13 of 1st period - Wrist shot by Sidney Crosby.
19:13 of 1st period - Shot Blocked by Vladimir Tarasenko.
19:15 of 1st period - Snap shot by Tyler Johnson.
19:15 of 1st period - Shot Misses the Net.
19:21 of 1st period - Wrist shot by Sidney Crosby.
19:21 of 1st period - Stopped by Joonas Korpisalo without a rebound.
19:22 of 1st period - Michael Latta wins face-off versus Evgeni Malkin in Islanders zone.
19:47 of 1st period - Brayden McNabb is hit by Nikita Zaitsev and loses puck.
Goals for this period are 0 for Sabres vs 0 for Islanders.
Shots for this period are 7 for Sabres vs 6 for Islanders.
2nd period
0:01 of 2nd period - Anze Kopitar wins face-off versus Sidney Crosby in neutral zone.
0:14 of 2nd period - Slapshot by Sidney Crosby.
0:14 of 2nd period - Deflect By Teuvo Teravainen.
0:14 of 2nd period - Stopped by Joonas Korpisalo with a rebound.
0:16 of 2nd period - Snap shot by Teuvo Teravainen.
0:16 of 2nd period - Shot Misses the Net.
0:22 of 2nd period - Minor Penalty to Ryan Ellis for Delaying the game.
0:23 of 2nd period - Sidney Crosby wins face-off versus Anze Kopitar in Islanders zone.
0:24 of 2nd period - Wrist shot by Teuvo Teravainen.
0:24 of 2nd period - Shot Misses the Net.
0:50 of 2nd period - Nate Schmidt is hit by Chris Tierney and loses puck.
1:17 of 2nd period - Wrist shot by Kellan Lain.
1:17 of 2nd period - Shot Misses the Net.
2:22 of 2nd period - Penalty to Ryan Ellis is over, Ryan Ellis is back on ice.
3:12 of 2nd period - Slapshot by Kellan Lain.
3:12 of 2nd period - Shot Misses the Net.
3:18 of 2nd period - Snap shot by Michael Latta.
3:18 of 2nd period - Shot Misses the Net.
3:53 of 2nd period - Melker Karlsson is hit by Tyler Johnson and loses puck.
4:21 of 2nd period - Icing by Brayden McNabb.
4:22 of 2nd period - Kellan Lain wins face-off versus Logan Couture in Islanders zone.
4:27 of 2nd period - Snap shot by Jason Spezza.
4:27 of 2nd period - Stopped by John Gibson without a rebound.
4:28 of 2nd period - Logan Couture wins face-off versus Ryan Hartman in Sabres zone.
4:38 of 2nd period - Snap shot by Andrew Shaw.
4:38 of 2nd period - Shot Misses the Net.
4:40 of 2nd period - Slapshot by Ryan Ellis.
4:40 of 2nd period - Shot Blocked by Michael Matheson.
4:42 of 2nd period - Snap shot by Ryan Hartman.
4:42 of 2nd period - Shot Blocked by Logan Couture.
4:50 of 2nd period - Snap shot by Teemu Pulkkinen.
4:50 of 2nd period - Stopped by Joonas Korpisalo with a rebound.
4:52 of 2nd period - Wrist shot by Teemu Pulkkinen.
4:52 of 2nd period - Deflect By Logan Couture.
4:52 of 2nd period - Shot Misses the Net.
4:52 of 2nd period - Puck is out of play.
4:53 of 2nd period - Michael Latta wins face-off versus Sidney Crosby in Islanders zone.
5:31 of 2nd period - Slapshot by Vladimir Tarasenko.
5:31 of 2nd period - Shot Blocked by Evgeni Malkin.
6:21 of 2nd period - Snap shot by Tyler Johnson.
6:21 of 2nd period - Shot Blocked by Andrew Shaw.
6:40 of 2nd period - Wrist shot by Nate Schmidt.
6:40 of 2nd period - Shot Blocked by Nikita Zadorov.
6:50 of 2nd period - Vladimir Tarasenko is hit by William Karlsson and loses puck.
7:52 of 2nd period - Chris Tierney is hit by Logan Couture and loses puck.
8:05 of 2nd period - Snap shot by Jason Akeson.
8:05 of 2nd period - Stopped by John Gibson with a rebound.
8:56 of 2nd period - Slapshot by Yann Sauvé.
8:56 of 2nd period - Shot Blocked by Jonas Brodin.
9:20 of 2nd period - Wrist shot by Jason Akeson.
9:20 of 2nd period - Stopped by John Gibson without a rebound.
9:21 of 2nd period - Evgeni Malkin wins face-off versus Melker Karlsson in Sabres zone.
10:32 of 2nd period - Nate Schmidt is hit by Yann Sauvé and loses puck.
11:03 of 2nd period - Michael Latta is hit by Brian Ferlin and loses puck.
11:13 of 2nd period - Off-side.
11:14 of 2nd period - Anze Kopitar wins face-off versus Logan Couture in neutral zone.
11:17 of 2nd period - Wrist shot by Ryan Ellis.
11:17 of 2nd period - Stopped by John Gibson without a rebound.
11:18 of 2nd period - Anze Kopitar wins face-off versus Logan Couture in Sabres zone.
11:25 of 2nd period - Chris Tierney is hit by Kyle Okposo and loses puck.
11:45 of 2nd period - Off-side.
11:46 of 2nd period - Michael Latta wins face-off versus Sidney Crosby in neutral zone.
12:01 of 2nd period - Snap shot by Michael Latta.
12:01 of 2nd period - Deflect By Jason Spezza.
12:01 of 2nd period - Shot Blocked by Tyler Johnson.
12:01 of 2nd period - Puck is out of play.
12:02 of 2nd period - Anze Kopitar wins face-off versus Evgeni Malkin in Sabres zone.
12:11 of 2nd period - Yann Sauvé is hit by Hampus Lindholm and loses puck.
13:27 of 2nd period - Icing by Hampus Lindholm.
13:28 of 2nd period - Teuvo Teravainen wins face-off versus Anze Kopitar in Sabres zone.
13:33 of 2nd period - Yann Sauvé is hit by Tyler Johnson.
13:55 of 2nd period - Nate Schmidt is hit by Brock McGinn and loses puck.
14:08 of 2nd period - Slapshot by Jason Akeson.
14:08 of 2nd period - Stopped by John Gibson with a rebound.
14:17 of 2nd period - Off-side.
14:18 of 2nd period - Logan Couture wins face-off versus Michael Latta in neutral zone.
14:27 of 2nd period - Wrist shot by Teemu Pulkkinen.
14:27 of 2nd period - Stopped by Joonas Korpisalo without a rebound.
14:28 of 2nd period - Logan Couture wins face-off versus Anze Kopitar in Islanders zone.
14:29 of 2nd period - Snap shot by Teemu Pulkkinen.
14:29 of 2nd period - Shot Misses the Net.
14:43 of 2nd period - Wrist shot by Vladimir Tarasenko.
14:43 of 2nd period - Stopped by John Gibson without a rebound.
14:44 of 2nd period - Michael Latta wins face-off versus Sidney Crosby in Sabres zone.
15:09 of 2nd period - Yann Sauvé is hit by Logan Couture and loses puck.
15:44 of 2nd period - Wrist shot by Chris Tierney.
15:44 of 2nd period - Stopped by John Gibson without a rebound.
15:45 of 2nd period - Anze Kopitar wins face-off versus Sidney Crosby in Sabres zone.
16:42 of 2nd period - Slapshot by Thomas Chabot.
16:42 of 2nd period - Deflect By Jason Akeson.
16:42 of 2nd period - Shot Misses the Net.
16:42 of 2nd period - Puck is out of play.
16:43 of 2nd period - Anze Kopitar wins face-off versus Sidney Crosby in Sabres zone.
17:10 of 2nd period - Nate Schmidt is hit by Michael Latta and loses puck.
17:30 of 2nd period - Brayden McNabb is hit by Kyle Okposo and loses puck.
17:55 of 2nd period - Slapshot by Ben Hutton.
17:55 of 2nd period - Goal by Ben Hutton - Sabres : 1 - Islanders : 0.
17:56 of 2nd period - Sidney Crosby wins face-off versus Anze Kopitar in neutral zone.
18:01 of 2nd period - Slapshot by Nate Schmidt.
18:01 of 2nd period - Shot Misses the Net.
18:52 of 2nd period - Wrist shot by Teemu Pulkkinen.
18:52 of 2nd period - Shot Misses the Net.
18:54 of 2nd period - Backhand shot by Michael Matheson.
18:54 of 2nd period - Stopped by Joonas Korpisalo with a rebound.
19:24 of 2nd period - Off-side.
19:25 of 2nd period - Anze Kopitar wins face-off versus Evgeni Malkin in neutral zone.
19:30 of 2nd period - Slapshot by Ryan Ellis.
19:30 of 2nd period - Deflect By Anze Kopitar.
19:30 of 2nd period - Shot Misses the Net.
19:30 of 2nd period - Puck is out of play.
19:31 of 2nd period - Sidney Crosby wins face-off versus Anze Kopitar in Sabres zone.
19:33 of 2nd period - Minor Penalty to Nate Schmidt for Holding.
19:34 of 2nd period - Sidney Crosby wins face-off versus Anze Kopitar in Sabres zone.
19:42 of 2nd period - Snap shot by Vladimir Tarasenko.
19:42 of 2nd period - Shot Misses the Net.
Goals for this period are 1 for Sabres vs 0 for Islanders.
Shots for this period are 5 for Sabres vs 7 for Islanders.
3rd period
0:01 of 3rd period - Anze Kopitar wins face-off versus Sidney Crosby in neutral zone.
0:26 of 3rd period - Michael Latta is hit by Sidney Crosby and loses puck.
1:33 of 3rd period - Penalty to Nate Schmidt is over, Nate Schmidt is back on ice.
3:15 of 3rd period - Kyle Okposo is hit by Anze Kopitar and loses puck.
3:48 of 3rd period - Emerson Etem is hit by Michael Matheson and loses puck.
5:19 of 3rd period - Icing by Emerson Etem.
5:20 of 3rd period - Ryan Hartman wins face-off versus Evgeni Malkin in Islanders zone.
5:31 of 3rd period - Nikita Zadorov is hit by Sam Gagner and loses puck.
5:46 of 3rd period - Slapshot by Vladimir Tarasenko.
5:46 of 3rd period - Stopped by John Gibson with a rebound.
5:48 of 3rd period - Slapshot by Thomas Chabot.
5:48 of 3rd period - Deflect By Vladimir Tarasenko.
5:48 of 3rd period - Shot Misses the Net.
5:48 of 3rd period - Puck is out of play.
5:49 of 3rd period - Sidney Crosby wins face-off versus Anze Kopitar in Sabres zone.
6:14 of 3rd period - Dylan McIlrath is hit by Sidney Crosby and loses puck.
6:26 of 3rd period - Minor Penalty to Ben Hutton for High sticking.
6:27 of 3rd period - Michael Latta wins face-off versus Sidney Crosby in Sabres zone.
6:29 of 3rd period - Wrist shot by Michael Latta.
6:29 of 3rd period - Stopped by John Gibson without a rebound.
6:30 of 3rd period - Michael Latta wins face-off versus Sidney Crosby in Sabres zone.
7:05 of 3rd period - Wrist shot by Vladimir Tarasenko.
7:05 of 3rd period - Shot Misses the Net.
7:19 of 3rd period - Slapshot by Vladimir Tarasenko.
7:19 of 3rd period - Stopped by John Gibson with a rebound.
7:33 of 3rd period - Slapshot by Evgeni Malkin.
7:33 of 3rd period - Stopped by Joonas Korpisalo with a rebound.
7:35 of 3rd period - Wrist shot by Evgeni Malkin.
7:35 of 3rd period - Shot Blocked by Anze Kopitar.
7:41 of 3rd period - Slapshot by Ryan Ellis.
7:41 of 3rd period - Shot Blocked by Michael Matheson.
7:43 of 3rd period - Snap shot by Ryan Ellis.
7:43 of 3rd period - Shot Blocked by Nikita Zaitsev.
7:45 of 3rd period - Slapshot by Vladimir Tarasenko.
7:45 of 3rd period - Stopped by John Gibson with a rebound.
7:47 of 3rd period - Slapshot by Anze Kopitar.
7:47 of 3rd period - Stopped by John Gibson with a rebound.
7:49 of 3rd period - Wrist shot by Chris Tierney.
7:49 of 3rd period - Goal by Chris Tierney - Sabres : 1 - Islanders : 1.
7:50 of 3rd period - Evgeni Malkin wins face-off versus Michael Latta in neutral zone.
8:01 of 3rd period - Wrist shot by Sam Gagner.
8:01 of 3rd period - Stopped by Joonas Korpisalo with a rebound.
8:03 of 3rd period - Snap shot by Evgeni Malkin.
8:03 of 3rd period - Stopped by Joonas Korpisalo with a rebound.
8:07 of 3rd period - Snap shot by Robby Fabbri.
8:07 of 3rd period - Stopped by Joonas Korpisalo without a rebound.
8:08 of 3rd period - Sidney Crosby wins face-off versus Melker Karlsson in Islanders zone.
8:14 of 3rd period - Off-side.
8:15 of 3rd period - Melker Karlsson wins face-off versus Sidney Crosby in neutral zone.
8:58 of 3rd period - Snap shot by Tyler Johnson.
8:58 of 3rd period - Deflect By Melker Karlsson.
8:58 of 3rd period - Shot Misses the Net.
8:58 of 3rd period - Puck is out of play.
8:59 of 3rd period - Anze Kopitar wins face-off versus Evgeni Malkin in Islanders zone.
9:35 of 3rd period - Wrist shot by Yann Sauvé.
9:35 of 3rd period - Shot Blocked by Michael Matheson.
10:08 of 3rd period - Dylan McIlrath is hit by Sam Gagner and loses puck.
10:13 of 3rd period - Snap shot by Evgeni Malkin.
10:13 of 3rd period - Shot Misses the Net.
11:25 of 3rd period - Chris Tierney is hit by Brian Ferlin and loses puck.
11:59 of 3rd period - Teemu Pulkkinen is hit by Chris Tierney and loses puck.
12:12 of 3rd period - Slapshot by Ryan Ellis.
12:12 of 3rd period - Shot Blocked by Hampus Lindholm.
12:14 of 3rd period - Slapshot by Chris Tierney.
12:14 of 3rd period - Shot Misses the Net.
12:20 of 3rd period - Slapshot by Chris Tierney.
12:20 of 3rd period - Shot Blocked by Nate Schmidt.
12:40 of 3rd period - Anze Kopitar is hit by Logan Couture and loses puck.
13:23 of 3rd period - Slapshot by Teemu Pulkkinen.
13:23 of 3rd period - Shot Blocked by Anze Kopitar.
13:25 of 3rd period - Snap shot by Logan Couture.
13:25 of 3rd period - Shot Misses the Net.
13:27 of 3rd period - Slapshot by Michael Matheson.
13:27 of 3rd period - Stopped by Joonas Korpisalo without a rebound.
13:28 of 3rd period - Michael Latta wins face-off versus Sidney Crosby in Islanders zone.
13:28 of 3rd period - Michael Latta is hit by Teuvo Teravainen.
13:48 of 3rd period - Dylan McIlrath is hit by Sidney Crosby and loses puck.
14:09 of 3rd period - Wrist shot by Brock McGinn.
14:09 of 3rd period - Stopped by John Gibson with a rebound.
14:25 of 3rd period - Slapshot by Andrew Shaw.
14:25 of 3rd period - Stopped by John Gibson without a rebound.
14:26 of 3rd period - Ryan Hartman wins face-off versus Sidney Crosby in Sabres zone.
15:39 of 3rd period - Slapshot by Nikita Zadorov.
15:39 of 3rd period - Shot Misses the Net.
15:45 of 3rd period - Nikita Zadorov is hit by Teuvo Teravainen and loses puck.
16:54 of 3rd period - Andrew Shaw is hit by Nate Schmidt and loses puck.
17:45 of 3rd period - Kyle Okposo is hit by Andrew Shaw and loses puck.
18:46 of 3rd period - Snap shot by Chris Tierney.
18:46 of 3rd period - Shot Misses the Net.
18:48 of 3rd period - Snap shot by Melker Karlsson.
18:48 of 3rd period - Stopped by John Gibson without a rebound.
18:49 of 3rd period - Melker Karlsson wins face-off versus Sidney Crosby in Sabres zone.
Goals for this period are 0 for Sabres vs 1 for Islanders.
Shots for this period are 5 for Sabres vs 9 for Islanders.
Overtime #1
0:01 of 1st overtime period - Vladimir Tarasenko wins face-off versus Sidney Crosby in neutral zone.
0:35 of 1st overtime period - Snap shot by Jason Spezza.
0:35 of 1st overtime period - Shot Blocked by Tyler Johnson.
0:37 of 1st overtime period - Snap shot by Chris Tierney.
0:37 of 1st overtime period - Deflect By Jason Spezza.
0:37 of 1st overtime period - Shot Misses the Net.
0:37 of 1st overtime period - Puck is out of play.
0:38 of 1st overtime period - Sidney Crosby wins face-off versus Vladimir Tarasenko in Sabres zone.
0:43 of 1st overtime period - Anze Kopitar is hit by Tyler Johnson and loses puck.
0:52 of 1st overtime period - Slapshot by Anze Kopitar.
0:52 of 1st overtime period - Shot Misses the Net.
1:09 of 1st overtime period - Slapshot by Hampus Lindholm.
1:09 of 1st overtime period - Shot Blocked by Ryan Ellis.
1:11 of 1st overtime period - Slapshot by Teuvo Teravainen.
1:11 of 1st overtime period - Shot Blocked by Ryan Ellis.
1:13 of 1st overtime period - Slapshot by Hampus Lindholm.
1:13 of 1st overtime period - Stopped by Joonas Korpisalo without a rebound.
1:14 of 1st overtime period - Sidney Crosby wins face-off versus Vladimir Tarasenko in Islanders zone.
1:27 of 1st overtime period - Slapshot by Nate Schmidt.
1:27 of 1st overtime period - Shot Blocked by Vladimir Tarasenko.
1:36 of 1st overtime period - Icing by Anze Kopitar.
1:37 of 1st overtime period - Chris Tierney wins face-off versus Teuvo Teravainen in Islanders zone.
2:48 of 1st overtime period - Snap shot by Sam Gagner.
2:48 of 1st overtime period - Shot Blocked by Yann Sauvé.
2:54 of 1st overtime period - Snap shot by Logan Couture.
2:54 of 1st overtime period - Shot Misses the Net.
Goals for this period are 0 for Sabres vs 0 for Islanders.
Shots for this period are 1 for Sabres vs 0 for Islanders.
ShootOut
5:00 of 1st overtime period - Round #1.
5:00 of 1st overtime period - Sabres, Sidney Crosby.
5:00 of 1st overtime period - Wrist shot by Sidney Crosby.
5:00 of 1st overtime period - Goal by Sidney Crosby.
5:00 of 1st overtime period - Islanders, Vladimir Tarasenko.
5:00 of 1st overtime period - Deke by Vladimir Tarasenko.
5:00 of 1st overtime period - Goal by Vladimir Tarasenko.
5:00 of 1st overtime period - Round #2.
5:00 of 1st overtime period - Sabres, Tyler Johnson.
5:00 of 1st overtime period - Backhand shot by Tyler Johnson.
5:00 of 1st overtime period - Shot Misses the Net.
5:00 of 1st overtime period - Islanders, Anze Kopitar.
5:00 of 1st overtime period - Deke by Anze Kopitar.
5:00 of 1st overtime period - Shot Misses the Net.
5:00 of 1st overtime period - Round #3.
5:00 of 1st overtime period - Sabres, Teuvo Teravainen.
5:00 of 1st overtime period - Backhand shot by Teuvo Teravainen.
5:00 of 1st overtime period - Goal by Teuvo Teravainen.
5:00 of 1st overtime period - Islanders, Jason Spezza.
5:00 of 1st overtime period - Backhand shot by Jason Spezza.
5:00 of 1st overtime period - Stopped by John Gibson.